 Dungeon Crawl Stone Soup version 0.19.0-1-g5985abe (webtiles) character file.

123683 SimpsOFF the Warrior (level 16, -7/155 HPs)
             Began as a Minotaur Berserker on Nov 2, 2016.
             Was a High Priest of Trog.
             Killed from afar by a shock serpent (31 damage)
             ... with a bolt of electricity
             ... on level 2 of the Snake Pit.
             The game lasted 03:38:52 (26674 turns).

SimpsOFF the Warrior (Minotaur Berserker)          Turns: 26674, Time: 03:38:52

Health: -7/155     AC: 35    Str: 25    XL:     16   Next: 37%
Magic:  3/21       EV: 12    Int:  4    God:    Trog [*****.]
Gold:   431        SH: 14    Dex: 17    Spells: 0 memorised, 15 levels left

rFire  + . .     SeeInvis +     E - +8 eveningstar of Fortitude {protect, Dex+3}
rCold  + . .     Gourm    .     m - +2 plate armour {rPois}
rNeg   . . .     Faith    .     O - +0 shield
rPois  +         Spirit   .     a - +1 hat {SInv}
rElec  .         Reflect  .     S - +2 cloak {rF+}
rCorr  .         Harm     .     M - +0 pair of gloves
MR     ++++.                    j - +2 pair of boots {run}
Stlth  ..........               (no amulet)
                                b - ring of protection from magic
                                v - ring of protection from cold

@: lethally poisoned (-7 -> -7), exhausted, protection aura, regenerating,
slowed, constricted, very slow
A: retaliatory headbutt, horns 2
a: Berserk, Trog's Hand, Brothers in Arms, Burn Spellbooks, Renounce Religion


You were on level 2 of the Snake Pit.
You worshipped Trog.
Trog was extremely pleased with you.
You were near starving.

You visited 4 branches of the dungeon, and saw 25 of its levels.
You also visited: Ossuary, Ice Cave and Volcano.

You collected 2537 gold pieces.
You spent 2106 gold pieces at shops.

Inventory:

Hand Weapons
 E - the +8 eveningstar of Fortitude (weapon) {protect, Dex+3}
   (You acquired it on level 6 of the Lair of Beasts)

   It protects the one who uses it against injury (+AC on strike).
   It affects your dexterity (+3).
Armour
 a - a +1 hat of see invisible (worn)
 j - a +2 pair of boots of running (worn)
 m - a +2 plate armour of poison resistance (worn)
 y - a +2 chain mail of fire resistance
 M - a +0 pair of gloves (worn)
 O - a +0 shield (worn)
 P - a +2 hat of spirit shield
 Q - a +3 plate armour of magic resistance
 S - a +2 cloak of fire resistance (worn)
Jewellery
 b - a ring of protection from magic (right hand)
 n - an uncursed ring of fire
 v - a ring of protection from cold (left hand)
 T - an uncursed ring of protection from cold
Wands
 r - a wand of slowing (16/48)
 A - a wand of paralysis (11/24)
 F - a wand of polymorph (12/24)
 R - a wand of digging (13/24)
 W - a wand of lightning (10/15)
 X - a wand of confusion (41/48)
Scrolls
 d - 5 scrolls of enchant weapon
 e - 3 scrolls of magic mapping
 i - 8 scrolls of fear
 k - 13 scrolls of identify
 l - 14 scrolls of remove curse
 x - a scroll of enchant armour
 C - 6 scrolls of recharging
 G - 2 scrolls of brand weapon {unknown}
 H - 3 scrolls of fog
 J - a scroll of blinking
 U - 2 scrolls of immolation
 Y - 6 scrolls of teleportation
Potions
 c - 2 potions of might
 h - 6 potions of heal wounds
 o - 6 potions of agility {unknown}
 p - 3 potions of ambrosia {unknown}
 q - 3 potions of berserk rage {unknown}
 s - 6 potions of flight
 w - 3 potions of lignification
 B - 3 potions of brilliance
 D - 3 potions of mutation
 I - 7 potions of curing
 K - 2 potions of haste
 L - 4 potions of invisibility {unknown}
 Z - 2 potions of resistance
Miscellaneous
 t - a lamp of fire
 N - a phantom mirror
Comestibles
 f - 9 meat rations
 g - 15 fruits
 u - 3 bread rations
 z - a beef jerky
 V - 3 chunks of flesh


   Skills:
 * Level 17.4 Fighting
 - Level 16.0 Maces & Flails
 * Level 14.9 Armour
 + Level 12.6 Dodging
 * Level 12.7 Shields
 + Level 8.2 Evocations


You had 15 spell levels left.
You didn't know any spells.

Dungeon Overview and Level Annotations

Branches:
Dungeon (15/15)            Temple (0/1) D:6            Lair (6/6) D:8
 Shoals (0/4) Lair:4        Snake (2/4) Lair:3        Slime (0/5) Lair:5
    Orc (2/2) D:10            Elf (0/3) Orc:2        Vaults (0/5) D:13
 Depths (0/5) D:15

Altars:
Cheibriados
Dithmenos
Elyvilon
Fedhas
Kikubaaqudgha
Okawaru
Ru
Vehumet
Yredelemnul
The Shining One
Beogh

Shops:
D:10 [[   D:11 ?![?!   D:15 *   Orc:2 :(*[

Annotations:
D:15 exclusion: Roxanne, Roxanne


Innate Abilities, Weirdness & Mutations

You reflexively headbutt those who attack you in melee.
You have a pair of horns on your head.


Message History

The naga ritualist begins to radiate toxic energy.
The naga ritualist constricts you.
Your skin crawls.
You feel resistant to hostile enchantments.
You feel somewhat more hungry.
You feel sick.
* * * LOW HITPOINT WARNING * * *
You block the black mamba's attack.
The mana viper bites you but does no damage.
You block the black mamba's attack.
The shock serpent bites you but does no damage.
The mana viper barely misses you. You furiously retaliate!
You headbutt the mana viper! The naga ritualist spits poison at you.
The splash of poison hits you!
You are more poisoned.
You resist. The naga ritualist constricts you.
You block the black mamba's attack.
The shock serpent shoots out a bolt of lightning at you!
The bolt of electricity hits you! x2
You die...

#. #.###... .# #.
#...... #.##
##.###....###....
####................
##...................
....##......#....#..
.......<#).##....#
?........[###†.#.#
.........## ##@S.#
........## #SSN##
...#..### #....# ..
##. #....# . ..
....... ### .#..##.#.
.. ... .... . .... .#
## (.... ..


You could see a naga ritualist, a shock serpent, a mana viper and a black mamba.

Vanquished Creatures
  Gastronok (D:8)
  A fire giant (D:10)
  Aizul (Snake:1)
  An orc warlord (Orc:2)
  A white draconian (IceCv)
  A red draconian (Volcano)
  2 naga warriors (Snake:1)
  8 vault guards (D:13)
  4 hydras
  Erolcha (D:10)
  4 centaur warriors
  4 anacondas
  A catoblepas (D:15)
  A deep troll shaman (Lair:6)
  11 death yaks (Lair:6)
  A tengu warrior (D:14)
  An orc high priest (Orc:2)
  3 shock serpents (Snake:2)
  3 naga sharpshooters (Snake:1)
  Urug (D:10)
  A deep elf knight (D:10)
  A skeletal warrior (D:10)
  2 unseen horrors
  A naga ritualist (Snake:2)
  A flayed ghost (D:10)
  6 orc knights
  An oklob plant (Lair:5)
  13 ugly things
  9 hill giants
  A salamander (Snake:1)
  2 orc sorcerers (Orc:2)
  3 manticores
  3 mana vipers
  A guardian serpent (Snake:1)
  3 cyclopes
  3 centaur zombies
  A manticore (shapeshifter) (D:15)
  16 elephants
  14 black mambas
  2 ice statues (IceCv)
  4 gargoyles
  Psyche (D:8)
  3 naga magi (Snake:1)
  14 spiny frogs
  A rime drake (Lair:3)
  A rime drake (shapeshifter) (D:15)
  7 komodo dragons
  2 yaktaurs (Volcano)
  A tengu conjurer (D:12)
  5 trolls
  A troll (shapeshifter) (D:14)
  17 polar bears
  3 two-headed ogres
  13 blink frogs
  6 slime creatures
  A two-headed ogre (shapeshifter) (D:15)
  Grinder (D:6)
  10 hippogriffs
  A dream sheep (Lair:4)
  2 shadows
  A spriggan (Lair:4)
  A centaur simulacrum (D:14)
  A vampire (D:10)
  2 wraiths
  65 yaks
  2 wyverns
  3 basilisks
  The ghost of newuser the Conjurer, an amateur DrCj (D:4)
  7 fire bats (Volcano)
  Edmund (D:6)
  Menkaure (D:7)
  4 hungry ghosts
  13 nagas
  A mottled dragon (D:13)
  3 wargs
  10 water moccasins
  A soldier ant (D:12)
  2 hell hounds (Lair:2)
  5 porcupines
  26 orc warriors
  6 black bears
  A necrophage (D:13)
  An eye of draining (D:12)
  6 sky beasts
  An ice beast (D:11)
  27 wolves
  5 boggarts (D:15)
  6 phantoms
  15 ogres
  10 centaurs
  13 crocodiles
  2 big kobolds
  14 bullfrogs
  A gnoll sergeant (D:10)
  3 scorpions
  A wyvern skeleton (D:13)
  Dowan (D:4)
  10 wights
  4 howler monkeys
  An electric eel (Lair:4)
  7 crimson imps
  7 lava snakes (Volcano)
  A bullfrog zombie (D:5)
  2 quasits
  6 hounds
  2 jellies
  16 orc priests
  4 centaur skeletons
  25 orc wizards
  A bullfrog skeleton (D:5)
  3 iguanas
  Ijyb (D:2)
  12 worker ants
  A killer bee zombie (D:5)
  A bullfrog simulacrum (D:10)
  A hound zombie (Ossuary)
  5 mummies
  A howler monkey zombie (D:9)
  2 worker ant zombies (D:9)
  5 gnolls (D:10)
  A howler monkey skeleton (D:9)
  15 adders
  3 shadow imps
  12 white imps (D:13)
  An ooze (D:5)
  An adder zombie (Ossuary)
  An adder skeleton (D:4)
  A worm (D:4)
  A dart slug (D:2)
  8 leopard geckos
  67 orcs
  14 bats
  2 bat zombies (D:6)
  8 giant cockroaches
  A gnoll zombie (Ossuary)
  9 goblins
  3 hobgoblins
  16 jackals
  3 quokkas
  6 frilled lizards
  3 jackal zombies (Ossuary)
  17 kobolds
  3 kobold zombies (Ossuary)
  3 leopard gecko zombies
  2 orc zombies (Ossuary)
  A quokka skeleton (D:5)
  2 quokka zombies
  2 rats
  3 rat zombies
  A butterfly (Lair:5)
  3 fungi
  2 plants
825 creatures vanquished.

Vanquished Creatures (collateral kills)
  A rakshasa (D:15)
  A catoblepas (Lair:6)
  A centaur warrior (Volcano)
  3 death yaks (Lair:6)
  An obsidian statue (Volcano)
  An orc sorcerer (Orc:2)
  2 ugly things (D:15)
  A polar bear (Lair:3)
  3 orc warriors
  An orc priest (Orc:1)
  2 orc wizards (Orc:2)
  2 orcs
19 creatures vanquished.

Vanquished Creatures (others)
  5 fungi
  6 plants
11 creatures vanquished.

Grand Total: 855 creatures vanquished

Notes
Turn   | Place    | Note
-------+----------+-------------------------------------------
     0 | D:1      | SimpsOFF the Minotaur Berserker began the quest for the Orb.
     0 | D:1      | Reached XP level 1. HP: 19/19 MP: 0/0
    92 | D:1      | Reached skill level 4 in Fighting
    92 | D:1      | Reached XP level 2. HP: 25/27 MP: 1/1
   516 | D:1      | Reached XP level 3. HP: 34/34 MP: 2/2
   558 | D:1      | Reached ** piety under Trog
   821 | D:2      | Noticed Ijyb
   825 | D:2      | Killed Ijyb
   827 | D:2      | Reached skill level 5 in Fighting
   910 | D:2      | Reached XP level 4. HP: 37/42 MP: 3/3
  1188 | D:2      | Reached skill level 5 in Maces & Flails
  1398 | D:2      | Found a snail-covered altar of Cheibriados.
  2122 | D:4      | Noticed newuser's ghost (amateur DrCj)
  2140 | D:4      | Killed newuser's ghost
  2140 | D:4      | Reached *** piety under Trog
  2140 | D:4      | Reached skill level 1 in Shields
  2140 | D:4      | Reached XP level 5. HP: 50/50 MP: 4/4
  2141 | D:4      | Reached XP level 6. HP: 57/57 MP: 5/5
  2144 | D:4      | Reached skill level 6 in Fighting
  2560 | D:4      | Reached XP level 7. HP: 64/64 MP: 6/6
  2769 | D:4      | Noticed Dowan
  2775 | D:4      | Killed Dowan
  2920 | D:5      | Entered Level 5 of the Dungeon
  3118 | D:5      | Reached skill level 7 in Fighting
  3118 | D:5      | Reached XP level 8. HP: 57/73 MP: 7/7
  3315 | D:5      | Reached skill level 5 in Shields
  3412 | D:5      | Found a glowing golden altar of the Shining One.
  3415 | D:5      | Noticed an angel
  3430 | D:5      | Found a basalt altar of Yredelemnul.
  3432 | D:5      | Noticed a profane servitor
  3979 | D:6      | Noticed Grinder
  4000 | D:6      | Killed Grinder
  4000 | D:6      | Reached skill level 5 in Armour
  4006 | D:6      | Noticed Edmund
  4019 | D:6      | Killed Edmund
  4112 | D:6      | Reached skill level 8 in Fighting
  4199 | D:6      | Reached **** piety under Trog
  4223 | D:6      | Found an iron altar of Okawaru.
  4244 | D:6      | Found a staircase to the Ecumenical Temple.
  4264 | D:6      | Reached XP level 9. HP: 69/81 MP: 8/8
  4438 | D:6      | Reached skill level 5 in Dodging
  4578 | D:6      | Found an ancient bone altar of Kikubaaqudgha.
  4881 | D:7      | Found a sand-covered staircase.
  4889 | Ossuary  | Entered an ossuary
  5245 | D:7      | Noticed Menkaure
  5254 | D:7      | Killed Menkaure
  5254 | D:7      | Reached skill level 9 in Fighting
  5489 | D:7      | Found a white marble altar of Elyvilon.
  6070 | D:7      | Reached ***** piety under Trog
  6088 | D:7      | Reached XP level 10. HP: 88/92 MP: 9/9
  6330 | D:8      | Noticed Psyche
  6335 | D:8      | Killed Psyche
  6335 | D:8      | Reached skill level 10 in Maces & Flails
  6498 | D:8      | Found a staircase to the Lair.
  6498 | D:8      | Found a blossoming altar of Fedhas.
  6602 | D:8      | Noticed a spiny frog
  6610 | D:8      | Killed a spiny frog
  6610 | D:8      | Reached skill level 10 in Fighting
  6654 | D:8      | Found a sacrificial altar of Ru.
  6748 | D:8      | Noticed Gastronok
  6761 | D:8      | Killed Gastronok
  6761 | D:8      | Reached skill level 11 in Fighting
  7099 | D:9      | Found a radiant altar of Vehumet.
  7245 | D:9      | Found a faded altar of an unknown god.
  7245 | D:9      | Found a faded altar of an unknown god.
  7253 | D:9      | Found a faded altar of an unknown god.
  7260 | D:9      | Found a faded altar of an unknown god.
  7262 | D:9      | Found a shadowy altar of Dithmenos.
  7706 | D:9      | Reached XP level 11. HP: 102/102 MP: 7/10
  8004 | D:9      | Received a gift from Trog
  8125 | Lair:1   | Entered Level 1 of the Lair of Beasts
  8154 | D:8      | Identified a scroll of acquirement
  8161 | D:8      | Identified a +2 pair of boots of running (You acquired it on level 8 of the Dungeon)
  8525 | Lair:1   | Reached skill level 12 in Fighting
  9249 | Lair:2   | Found a dark tunnel.
  9321 | Volcano  | Entered a volcano
  9540 | Volcano  | Noticed a red draconian
  9555 | Volcano  | Killed a red draconian
  9555 | Volcano  | Reached skill level 13 in Fighting
  9563 | Volcano  | Found a radiant altar of Vehumet.
  9607 | Volcano  | Noticed an obsidian statue
  9607 | Volcano  | Noticed a centaur warrior
  9617 | Volcano  | Killed a centaur warrior
  9617 | Volcano  | Reached XP level 12. HP: 95/115 MP: 9/11
 10865 | Lair:3   | Found a staircase to the Snake Pit.
 11380 | Lair:4   | Reached skill level 1 in Evocations
 11995 | Lair:4   | Reached skill level 10 in Armour
 12003 | Lair:4   | Reached skill level 14 in Fighting
 12099 | Lair:4   | Found a staircase to the Shoals.
 12639 | Lair:5   | Found a staircase to the Slime Pits.
 13033 | Lair:5   | Reached XP level 13. HP: 125/125 MP: 15/15
 13049 | Lair:6   | Entered Level 6 of the Lair of Beasts
 13376 | Lair:6   | Received a gift from Trog
 13376 | Lair:6   | Reached skill level 5 in Evocations
 13402 | Lair:6   | Reached skill level 15 in Maces & Flails
 13826 | Lair:6   | Reached skill level 15 in Fighting
 13841 | Lair:6   | Reached skill level 10 in Dodging
 14113 | Lair:6   | Got a dazzling eveningstar
 14114 | Lair:6   | Identified the +8 eveningstar of Fortitude {protect, Dex+3} (You acquired it on level 6 of the Lair of Beasts)
 14267 | Lair:6   | Received a gift from Trog
 14671 | Lair:6   | Reached XP level 14. HP: 135/135 MP: 17/17
 14957 | Lair:6   | Gained mutation: You are somewhat resistant to further mutation. [potion of mutation]
 14957 | Lair:6   | Gained mutation: You tend to lose your temper in combat. [potion of mutation]
 14957 | Lair:6   | Gained mutation: You can translocate small distances at will. [potion of mutation]
 15382 | D:10     | Entered Level 10 of the Dungeon
 15427 | D:10     | Found a staircase to the Orcish Mines.
 15427 | D:10     | Found Ashun's Armour Emporium.
 15534 | D:10     | Bought a +1 crystal plate armour for 1131 gold pieces
 15616 | Orc:1    | Entered Level 1 of the Orcish Mines
 15874 | Orc:2    | Entered Level 2 of the Orcish Mines
 16234 | Orc:2    | Noticed an orc warlord
 16241 | Orc:2    | Paralysed by an orc sorcerer for 5 turns
 16276 | Orc:2    | Killed an orc warlord
 16509 | Orc:2    | Found a roughly hewn altar of Beogh.
 16539 | Orc:2    | Found Fufusch's Book Boutique.
 16633 | Orc:2    | Found Ceecowko's Antique Weapon Boutique.
 16660 | Orc:2    | Found Rutijats's Antique Armour Boutique.
 16688 | Orc:2    | Found Vulutzos's General Store.
 16723 | Orc:2    | Bought a scroll of remove curse for 33 gold pieces
 16723 | Orc:2    | Bought a meat ration for 55 gold pieces
 16723 | Orc:2    | Bought a scroll of identify for 22 gold pieces
 17150 | Orc:2    | Found a staircase to the Elven Halls.
 17317 | Orc:1    | Received a gift from Trog
 17335 | Orc:1    | Got an iridescent flail {god gift}
 17386 | Orc:1    | Identified the +3 flail of Impermanence {vamp, rElec Str+5 Int+4} (Trog gifted it to you on level 1 of the Orcish Mines)
 18005 | D:10     | Noticed Erolcha
 18017 | D:10     | Killed Erolcha
 18253 | D:10     | Noticed a fire giant
 18262 | D:10     | Killed a fire giant
 18409 | D:10     | Noticed Urug
 18423 | D:10     | Killed Urug
 18545 | D:10     | Found Jemifriq's Armour Emporium.
 18559 | D:10     | Bought a +3 plate armour of magic resistance for 450 gold pieces
 18930 | D:11     | Got a pair of transparent gloves
 18941 | D:11     | Identified the -4 pair of gloves of Emipeeq {Int+2} (You acquired it on level 11 of the Dungeon)
 19209 | D:11     | Found Titam's Distillery.
 19224 | D:11     | Bought a potion of cure mutation for 275 gold pieces
 19224 | D:11     | Lost mutation: You tend to lose your temper in combat. [potion of cure mutation]
 19224 | D:11     | Lost mutation: You are somewhat resistant to further mutation. [potion of cure mutation]
 19224 | D:11     | Lost mutation: You can translocate small distances at will. [potion of cure mutation]
 19264 | D:11     | Reached skill level 10 in Shields
 19295 | D:11     | Found Lauvayx's Magic Scroll Shoppe.
 19324 | D:11     | Found Dodoply's Armour Shoppe.
 19435 | D:11     | Found Efuocw's Magic Scroll Boutique.
 19470 | D:11     | Found Ujebbie's Distillery.
 19494 | D:11     | Bought a potion of resistance for 140 gold pieces
 20132 | D:12     | Reached skill level 16 in Fighting
 20469 | D:13     | Reached XP level 15. HP: 144/144 MP: 19/19
 20555 | D:13     | Found a frozen archway.
 20628 | IceCv    | Entered an ice cave
 20676 | IceCv    | Received a gift from Trog
 20952 | IceCv    | Reached ****** piety under Trog
 21836 | D:13     | Received a gift from Trog
 22065 | D:13     | Found a gate to the Vaults.
 23293 | D:15     | Entered Level 15 of the Dungeon
 23459 | D:15     | Found Jyph's Assorted Antiques.
 23510 | D:15     | Noticed Roxanne
 23539 | D:15     | Received a gift from Trog
 23935 | D:15     | Found a staircase to the Depths.
 25024 | Snake:1  | Entered Level 1 of the Snake Pit
 25134 | Snake:1  | Reached XP level 16. HP: 154/154 MP: 19/21
 25246 | Snake:1  | Reached skill level 17 in Fighting
 25301 | Snake:1  | Received a gift from Trog
 25522 | Snake:1  | Noticed Aizul
 25543 | Snake:1  | Killed Aizul
 26674 | Snake:2  | Killed from afar by a shock serpent

Skill      XL: |  1  2  3  4  5  6  7  8  9 10 11 12 13 14 15 16 |
---------------+-------------------------------------------------+-----
Fighting       | 4 5 6 7 8 9 11 13 14 15 16 17 | 17.4
Maces & Flails | 4 5 6 7 8 9 11 13 14 15 16 | 16.0
Armour         | 3 4 5 6 7 9 10 11 12 14 | 14.9
Shields        | 1 2 4 6 7 8 10 12 | 12.7
Dodging        | 3 4 5 7 8 9 10 11 12 | 12.6
Evocations     | 4 6 8 |  8.2

Action                   |  1- 3 |  4- 6 |  7- 9 | 10-12 | 13-15 | 16-18 || total
-------------------------+-------+-------+-------+-------+-------+-------++-------
Melee: Mace              |    51 |    95 |   163 |       |       |       ||   309
       Headbutt          |     3 |    16 |    65 |   124 |   396 |    38 ||   642
       Dire flail        |       |       |   142 |   495 |   164 |       ||   801
       Flail             |       |       |       |    27 |       |       ||    27
       Eveningstar       |       |       |       |       |  1094 |   152 ||  1246
Invok: Berserk           |     1 |     3 |     9 |    14 |    16 |     3 ||    46
       Trog's Hand       |       |       |     4 |     2 |     3 |     4 ||    13
       Burn Spellbooks   |       |       |     2 |     3 |     2 |       ||     7
       Brothers in Arms  |       |       |       |     4 |     6 |       ||    10
 Abil: Blink             |       |       |       |       |     2 |       ||     2
  Use: Scroll            |       |     7 |     1 |    21 |    10 |       ||    39
       Potion            |       |       |       |     9 |    15 |     1 ||    25
 Stab: Sleeping          |     1 |       |       |       |       |       ||     1
       Distracted        |     1 |       |       |       |     1 |       ||     2
  Eat: Chunk             |     1 |     3 |    14 |    22 |    29 |       ||    69
       Bread ration      |       |     1 |     1 |     3 |     5 |       ||    10
       Pizza             |       |       |     2 |     1 |       |       ||     3
       Beef jerky        |       |       |       |       |     5 |     4 ||     9
       Meat ration       |       |       |       |       |     1 |       ||     1
Armor: Animal skin       |    18 |     7 |       |       |       |       ||    25
       Chain mail        |       |    24 |   115 |    31 |     4 |       ||   174
       Ring mail         |       |       |       |   155 |    85 |       ||   240
       Crystal plate arm |       |       |       |       |   102 |       ||   102
       Plate armour      |       |       |       |       |   239 |    58 ||   297
Dodge: Dodged            |    45 |    48 |    96 |   280 |   421 |    78 ||   968
Block: Shield            |       |    16 |    63 |       |   505 |   102 ||   686
